 Dungeon Crawl Stone Soup version 0.27.0-1-g7a089689b8 (webtiles) character file.

Game seed: 3572236245722588839

4717 Spaninq the Cleaver (level 10, -7/91 HPs)
             Began as a Hill Orc Monk on Aug 8, 2021.
             Was an Elder of Trog.
             Shot with a bolt by an orc warrior (10 damage)
             ... in a bailey.
             The game lasted 00:26:36 (11580 turns).

Spaninq the Cleaver (Hill Orc Monk)                Turns: 11580, Time: 00:26:39

Health: -7/91      AC: 15    Str: 24    XL:     10   Next: 45%
Magic:  10/10      EV:  9    Int: 10    God:    Trog [****..]
Gold:   381        SH:  0    Dex: 13    Spells: 9/9 levels left

rFire    . . .     SeeInvis +   s - +2 hand axe (elec)
rCold    . . .     Faith    .   (no shield)
rNeg     . . .     Spirit   .   j - +1 chain mail
rPois    .         Reflect  .   (no helmet)
rElec    .         Harm     .   (no cloak)
rCorr    .         Rampage  .   (no gloves)
Will     .....                  q - +2 pair of boots
Stlth    ..........             (no amulet)
HPRegen  0.25/turn              e - ring of see invisible
MPRegen  0.12/turn              b - +6 ring of strength

@: no status effects
A: no striking features
a: Renounce Religion, Berserk, Trog's Hand, Brothers in Arms


You were in a bailey.
You worshipped Trog.
Trog was greatly pleased with you.
You visited 2 branches of the dungeon, and saw 10 of its levels.
You also visited: Ossuary and Bailey.

You collected 381 gold pieces.

Inventory:

Hand Weapons
 a - a +1 hand axe of flaming
 s - a +2 hand axe of electrocution (weapon)
 w - a +3 fustibalus
 D - a +4 vorpal executioner's axe
Missiles
 x - 221 stones (quivered)
Armour
 j - a +1 chain mail (worn)
 q - a +2 pair of boots (worn)
Jewellery
 b - a +6 ring of strength (right hand)
 e - a ring of see invisible (left hand)
 i - a ring of fire
Wands
 C - a wand of polymorph (12)
Scrolls
 c - 4 scrolls of teleportation
 f - 2 scrolls of summoning
 h - 3 scrolls of fear
 m - 4 scrolls of enchant armour
 y - a scroll of enchant weapon
 E - a scroll of holy word
Potions
 d - 4 potions of invisibility
 g - 2 potions of berserk rage
 n - a potion of experience {unknown}
 o - a potion of resistance
 p - a potion of brilliance {unknown}
 r - 2 potions of cancellation
 t - a potion of magic
 u - a potion of attraction {unknown}
 v - 5 potions of mutation
 A - a potion of curing
 B - a potion of might {unknown}


   Skills:
 + Level 9.2 Fighting
 * Level 13.1 Axes
 + Level 4.6 Slings
 + Level 7.5 Armour
 - Level 2.4 Dodging
 - Level 1.5 Stealth


You had 9 spell levels left.
You didn't know any spells.
Your spell library was empty.

Dungeon Overview and Level Annotations

Branches:
Dungeon (9/15)             Temple (1/1) D:4            Lair (0/6) D:9
Ossuary (visited)          Bailey (1/1)
    Orc: D:9-12

Altars:
Ashenzari
Cheibriados
Elyvilon
Fedhas
Gozag
Hepliaklqana
Kikubaaqudgha
Makhleb
Nemelex Xobeh
Okawaru
Qazlal
Ru
Sif Muna
Trog
Uskayaw
Vehumet
Wu Jian
Yredelemnul
Zin
The Shining One

Shops:
D:7 (

Annotations:
D:4 2 transporters


Message History

You feel better.
The orc warrior shoots a bolt.
The bolt barely misses you.
You hear a shout!
Fire: 224 stones
Press: ? - help, Q - select action, (/) - cycle Shift-Dir - straight line, f/p - orc warrior
Aim: an orc warrior, wielding a +0 arbalest, wearing a +0 scale mail and quivering bolts (almost dead, 58% to hit)
You shoot a stone.
The stone completely misses the orc warrior.
The stone hits the orc warrior!
The orc warrior is moderately wounded.
Fire: 223 stones
Press: ? - help, Q - select action, (/) - cycle Shift-Dir - straight line, f/p - orc warrior
Aim: an orc warrior, wielding a +0 arbalest, wearing a +0 scale mail and quivering bolts (almost dead, 58% to hit)
You shoot a stone.
The stone hits the orc warrior but does no damage.
The orc warrior is almost dead.
The orc warrior shoots a bolt.
The bolt hits you.
* * * LOW HITPOINT WARNING * * *
Fire: 222 stones
Press: ? - help, Q - select action, (/) - cycle Shift-Dir - straight line, f/p - orc warrior
Aim: an orc warrior, wielding a +0 arbalest, wearing a +0 scale mail and quivering bolts (almost dead, 58% to hit)
You shoot a stone. The stone misses the orc warrior.
The stone hits the orc warrior.
The orc warrior is moderately wounded.
The orc warrior shoots a bolt.
The bolt barely misses you.
You fail to use your ability.
The orc warrior shoots a bolt.
The bolt hits you!
* * * LOW HITPOINT WARNING * * *
Your ogre goes berserk!
Trog will no longer gift you weapons.
The orc warrior shoots a bolt.
The bolt hits you!
* * * LOW HITPOINT WARNING * * *
Your ogre rages.
You hear a shout!
There is a gate leading back out of this place, spattered with blood here.
You hear the crackle of electricity.
s - a +2 hand axe of electrocution (weapon)
Your ogre hits the orc warrior with a +0 giant spiked club!!
The orc warrior dies!
Trog accepts your kill.
The orc warrior shoots a bolt.
The bolt hits you!
You die...

##### ##∩## ####
.....##...##.((.
.≈≈≈..#...#(.≈≈≈
≈≈o≈≈......(≈≈o≈
≈.oo≈......o≈oo.
≈≈o≈≈.).O...≈≈o≈
#)).# #.∩.#
##@## ###


You could see an orc warrior and a friendly ogre (summoned, berserk).

Vanquished Creatures
  An orc knight (Bailey)
  A deep elf pyromancer (D:8)
  Joseph (D:8)
  A wyvern (D:8)
  3 yaks (D:8)
  Eustachio (D:6)
  A steam dragon (D:7)
  An acid dragon (D:8)
  3 water moccasins (D:7)
  An ice beast (D:3)
  A black bear (D:5)
  3 orc warriors
  2 necrophages
  2 ogres
  A centaur (D:7)
  A kobold brigand (D:6)
  A bullfrog (D:8)
  2 scorpions
  4 killer bees (D:8)
  4 wights (D:8)
  A howler monkey (D:5)
  3 centaur zombies
  A human zombie (Ossuary)
  2 gnoll shamans (D:5)
  5 orc priests
  2 centaur skeletons
  3 iguanas
  3 orc wizards
  3 mummies (Ossuary)
  15 gnolls
  15 adders
  5 white imps
  An ufetubus (D:5)
  An adder skeleton (D:3)
  An adder zombie (D:5)
  2 worms
  2 dart slugs
  18 orcs
  3 ball pythons
  11 endoplasms
  A giant cockroach (D:1)
  8 goblins
  7 hobgoblins
  14 jackals
  5 quokkas
  7 bats
  3 gnoll zombies (Ossuary)
  2 goblin zombies (Ossuary)
  13 kobolds
  A kobold zombie (Ossuary)
  5 rats
  A spectral orc (D:7)
199 creatures vanquished.

Vanquished Creatures (collateral kills)
  An orc warrior (Bailey)
1 creature vanquished.

Vanquished Creatures (others)
  A quokka (D:8)
  7 plants
8 creatures vanquished.

Grand Total: 208 creatures vanquished

Notes
Turn   | Place    | Note
-------+----------+-------------------------------------------
     0 | D:1      | Spaninq the Hill Orc Monk began the quest for the Orb.
     0 | D:1      | Reached XP level 1. HP: 19/19 MP: 1/1
    52 | D:1      | Found a faded altar of an unknown god.
    74 | D:1      | Became a worshipper of Trog the Wrathful
    74 | D:1      | Reached * piety under Trog
    74 | D:1      | Reached ** piety under Trog
   128 | D:1      | Reached XP level 2. HP: 25/27 MP: 2/2
   321 | D:1      | Reached *** piety under Trog
   582 | D:1      | Reached skill level 5 in Axes
   757 | D:1      | Reached XP level 3. HP: 29/33 MP: 3/3
  1151 | D:2      | Reached skill level 1 in Armour
  1353 | D:2      | Reached XP level 4. HP: 26/41 MP: 4/4
  1997 | D:2      | Found a sparkling altar of Nemelex Xobeh.
  2061 | D:2      | Reached **** piety under Trog
  2344 | D:2      | Reached skill level 6 in Axes
  2664 | D:2      | You fall into a shaft and drop 2 floors!
  2677 | D:4      | Reached XP level 5. HP: 46/47 MP: 5/5
  2851 | D:4      | Found a sand-covered staircase.
  2861 | Ossuary  | Entered an ossuary
  3024 | Ossuary  | Reached skill level 5 in Fighting
  3024 | Ossuary  | Reached XP level 6. HP: 56/56 MP: 6/6
  3057 | Ossuary  | Reached skill level 7 in Axes
  3396 | D:3      | Found a hide-covered altar of Uskayaw.
  4142 | D:3      | Noticed an ice beast
  4179 | D:3      | Killed an ice beast
  4180 | D:3      | Reached XP level 7. HP: 38/61 MP: 7/7
  4436 | D:4      | Found a transporter.
  4489 | D:4      | Found a transporter.
  4556 | D:4      | Identified the +3 halberd "Zaigietear" {venom, +Blink rN+}
  4636 | D:4      | Found a staircase to the Ecumenical Temple.
  4645 | Temple   | Entered the Ecumenical Temple
  4846 | D:4      | Reached skill level 8 in Axes
  4874 | D:5      | Entered Level 5 of the Dungeon
  5570 | D:5      | Reached skill level 9 in Axes
  5820 | D:5      | Reached XP level 8. HP: 71/71 MP: 8/8
  6618 | D:6      | Noticed Eustachio
  6680 | D:6      | Killed Eustachio
  6681 | D:6      | Reached skill level 1 in Slings
  6940 | D:6      | Reached skill level 10 in Axes
  6940 | D:6      | Reached skill level 5 in Armour
  8387 | D:7      | Reached XP level 9. HP: 78/79 MP: 9/9
  8463 | D:7      | Found Tegon's Hydra Hut.
  8464 | D:7      | Noticed a four-headed hydra
  8675 | D:7      | Reached skill level 11 in Axes
  8696 | D:7      | Found a broken altar of Ashenzari.
  8700 | D:7      | Saw a vision of the Swamp and the Spider Nest.
  8700 | D:7      | Noticed an alligator
  8702 | D:7      | Noticed a hornet
  8729 | D:7      | Identified the +4 dagger of Discomfort {vorpal, rC+ Int+3}
  9191 | D:7      | Found a hazy altar of Hepliaklqana.
  9378 | D:8      | Noticed a two-headed ogre
  9876 | D:8      | Found an iron altar of Okawaru.
  9931 | D:8      | Reached ***** piety under Trog
  9946 | D:8      | Noticed Joseph
 10194 | D:8      | Killed Joseph
 10195 | D:8      | Reached skill level 12 in Axes
 10304 | D:8      | Noticed a deep elf pyromancer
 10317 | D:8      | Killed a deep elf pyromancer
 10318 | D:8      | Reached XP level 10. HP: 84/90 MP: 10/10
 10707 | D:8      | Found a white marble altar of Elyvilon.
 11125 | D:8      | Received a gift from Trog
 11386 | D:9      | Reached skill level 13 in Axes
 11396 | D:9      | Found a staircase to the Lair.
 11406 | D:9      | Found a flagged portal.
 11509 | Bailey   | Entered a bailey
 11512 | Bailey   | Noticed an orc knight
 11528 | Bailey   | Killed an orc knight
 11569 | Bailey   | HP: 4/91 [orc warrior/bolt (7)]
 11579 | Bailey   | HP: 3/91 [orc warrior/bolt (7)]
 11580 | Bailey   | Shot with a bolt by an orc warrior

Illustrated notes

Levels and vault maps discovered:
D:1:      dpeg_arrival_shelter, layout_rooms, hellmonk_ecumenical_altar_lost_god
D:2:      minmay_skewed_foursquare, layout_basic, basic_altar
D:3:      layout_basic, eat_drink_and_be_merry_uskayaw,
          chequers_serial_rivers_room_a, minmay_divided_ellipse
D:4:      layout_loops_ring, temple_statues, gammafunk_ghost_gnarly_gnolls,
          nicolae_ossuary_entry_monument
D:5:      layout_basic
D:6:      layout_loops_corners, uniq_eustachio
D:7:      layout_basic, grunt_ashenzari_visionary
          [grunt_ashenzari_visionary_swamp, grunt_ashenzari_visionary_spider],
          nicolae_hepliaklqana_monster_ancestors, doesnt_shop_hydraphobe
D:8:      layout_basic, elyvilon_altar_4, okawaru_metal_pillars_1_2, hex_large,
          uniq_joseph
D:9:      layout_basic, lair_entry_dummy, enter_bailey_5, uniq_psyche
Temple:   minmay_freezing_vapour_temple
Bailey:   bailey_polearm_4, bailey

Skill      XL: |  1  2  3  4  5  6  7  8  9 10 |
---------------+-------------------------------+-----
Fighting       | 4 5 6 7 8 9 |  9.2
Axes           | 5 6 7 9 10 12 13 | 13.1
Armour         | 1 2 3 4 5 7 |  7.5
Slings         | 2 4 |  4.6
Dodging        | |  2.4
Stealth        | |  1.5

Action                   |  1- 3 |  4- 6 |  7- 9 | 10-12 || total
-------------------------+-------+-------+-------+-------++-------
Melee: Hand axe          |   109 |   264 |   343 |    83 ||   799
 Fire: Fustibalus        |       |       |    13 |    15 ||    28
Invok: Berserk           |     2 |       |       |     1 ||     3
       Trog's Hand       |       |       |     1 |     1 ||     2
       Brothers in Arms  |       |       |       |     1 ||     1
  Use: Scroll            |       |    17 |       |     4 ||    21
       Potion            |       |       |       |     8 ||     8
 Stab: Sleeping          |     1 |       |       |       ||     1
Armor: Robe              |     3 |       |       |       ||     3
       Chain mail        |    64 |   153 |   166 |    32 ||   415
Dodge: Dodged            |    42 |    89 |   135 |    39 ||   305
